 Dungeon Crawl Stone Soup version 0.30.1-4-g462c640d31 (webtiles) character file.

Game seed: 861325432915459504

77 Babbit the Trooper (level 4, 0/41 HPs)
             Began as a Minotaur Fighter on Sept 18, 2023.
             Slain by Terence
             ... wielding a +3 short sword of venom
              (4 damage)
             ... on level 3 of the Dungeon.
             The game lasted 00:03:28 (1127 turns).

Babbit the Trooper (Minotaur Fighter)               Turns: 1127, Time: 00:03:28

Health: 0/41       AC:  8    Str: 23    XL:     4   Next: 14%
Magic:  3/3        EV:  9    Int:  5    God:
Gold:   100        SH:  4    Dex:  9    Spells: 3/3 levels left

rFire   . . .        a - +0 war axe
rCold   . . .        c - +0 buckler
rNeg    . . .        b - +0 scale mail
rPois   .            (helmet restricted)
rElec   .            (no cloak)
rCorr   .            (no gloves)
SInv    .            n - +0 pair of boots
Will    +....        q - amulet of the acrobat Stlth
                     i - ring of willpower
HPRegen 0.26/turn    (no ring)
MPRegen 0.08/turn

%: acrobat
@: mighty, lethally poisoned (0 -> -11)
A: horns 2, retaliatory headbutt
a: no special abilities


You were on level 3 of the Dungeon.
You visited 1 branch of the dungeon, and saw 3 of its levels.

You collected 100 gold pieces.

Inventory:

Hand Weapons
 a - a +0 war axe (weapon)
Armour
 b - a +0 scale mail (worn)
 c - a +0 buckler (worn)
 n - a +0 pair of boots (worn)
Jewellery
 i - a ring of willpower (left hand)
 q - an amulet of the acrobat (around neck)
Scrolls
 f - a scroll of fog {unknown}
 g - a scroll of enchant armour {unknown}
 h - a scroll of vulnerability {unknown}
 j - a scroll of brand weapon {unknown}
 m - a scroll of torment {unknown}
 o - 2 scrolls of immolation {unknown}
 r - 2 scrolls of magic mapping {unknown}
Potions
 e - 2 potions of curing {unknown}
 k - a potion of flight {unknown}
 l - a potion of lignification {unknown}
 p - a potion of attraction {unknown}


   Skills:
 + Level 4.4 Fighting
 + Level 3.7 Axes
 + Level 4.2 Armour
 + Level 0.6 Dodging
 + Level 3.9 Shields


You had 3 spell levels left.
You didn't know any spells.
Your spell library contained the following spells:

 Spells                   Type           Power      Damage    Failure   Level
 Dazzling Flash           Conj/Hex       0%         N/A       99%         3
 Agony                    Necr           0%         N/A       100%        5
 Silence                  Hex/Air        0%         N/A       100%        5


Dungeon Overview and Level Annotations

Branches:
Dungeon (3/15)

Altars:

Annotations:
D:3 Terence


Innate Abilities, Weirdness & Mutations

You have a pair of horns on your head.
You reflexively headbutt those who attack you in melee.


Message History

You block the giant cockroach's attack.
You hit the giant cockroach.
You kill the giant cockroach!
You now have 100 gold pieces (gained 15).
r - 2 scrolls labelled WELOBR FOST (gained 1)
You see here a giant cockroach corpse.
You hear the slow rusting of a very distant drain.
Found a helmet.
Terence the Incautious comes into view.
He is wielding a +3 short sword of venom, wearing a +4 scale mail of poison resistance and carrying a wand of polymorph (4).
Terence shouts!
You see here a +0 helmet.
Terence zaps a wand.
You resist with almost no effort.
Found a stone staircase leading up.
Terence hits you but does no damage.
You hit Terence but do no damage. You block Terence's attack.
You closely miss Terence. Terence closely misses you. You furiously retaliate!
You headbutt Terence. You barely miss Terence. Your headbutt misses Terence.
Terence is lightly wounded.
Terence hits you with a +3 short sword of venom.
You are poisoned.
Terence hits you with a +3 short sword of venom.
You are more poisoned.
You hit Terence but do no damage.
You feel extremely sick.
Terence hits you with a +3 short sword of venom.
You are lethally poisoned!
You slash Terence!
Terence is moderately wounded.
You feel extremely sick. Terence hits you but does no damage.
Terence barely misses you.
You hit Terence. Your headbutt misses Terence.
Terence is heavily wounded.
* * * LOW HITPOINT WARNING * * *
You feel extremely sick. Terence barely misses you. You furiously retaliate!
You headbutt Terence!
You feel very mighty all of a sudden.
* * * LOW HITPOINT WARNING * * *
You feel very sick.
Terence hits you with a +3 short sword of venom.
You die...

#.# #...... #.#
#######
############.######
..................#
..........##......#
..........##......#
.......[..##......#
..........##......#
....:....@#########
#.........@......
.................
..############..< .
##


You could see Terence.

Vanquished Creatures
  2 adders (D:2)
  2 dart slugs
  3 endoplasms
  6 giant cockroaches
  2 goblins (D:2)
  4 hobgoblins
  4 jackals (D:1)
  2 quokkas
  6 ball pythons
  8 bats
  4 frilled lizards (D:1)
  5 kobolds
  5 rats
53 creatures vanquished.

Notes
Turn   | Place    | Note
-------+----------+-------------------------------------------
     0 | D:1      | Babbit the Minotaur Fighter began the quest for the Orb.
     0 | D:1      | Reached XP level 1. HP: 19/19 MP: 0/0
   107 | D:1      | Reached XP level 2. HP: 22/27 MP: 1/1
   446 | D:1      | Reached XP level 3. HP: 33/33 MP: 2/2
   863 | D:2      | Reached XP level 4. HP: 41/41 MP: 3/3
  1118 | D:3      | Noticed Terence
  1127 | D:3      | Slain by Terence

Illustrated notes

Levels and vault maps discovered:
D:1:      dpeg_arrival_renting, layout_rooms, serial_bayou_lagoon_a
D:2:      layout_rooms
D:3:      layout_basic, portal_sewer_entry_f, nrook_loot_triangle,
          nicolae_shop_unique_rings, uniq_ijyb, uniq_terence

Skill      XL: |  1  2  3 |
---------------+----------+-----
Fighting       | 4 |  4.4
Axes           | 3 |  3.7
Armour         | 4 |  4.2
Dodging        | |  0.6
Shields        | |  3.9

Action                     |  1- 3 |  4- 6 || total
---------------------------+-------+-------++-------
  Melee: War axe           |    89 |    14 ||   103
         Headbutt          |     9 |       ||     9
    Use: Potion            |       |     1 ||     1
 Armour: Scale mail        |    51 |     5 ||    56
  Dodge: Dodged            |    49 |     9 ||    58
  Block: Buckler           |    19 |     2 ||    21
